 Dungeon Crawl Stone Soup version 0.14-a0-629-g748cab2 (webtiles) character file.

61 Malachi the Ruffian (level 3, -1/28 HPs)
             Began as a Draconian Transmuter on Nov 5, 2013.
             Slain by Ijyb
             ... wielding a +2,+8 club
              (7 damage)
             ... on Level 2 of the Dungeon.
             The game lasted 00:01:44 (1324 turns).

Malachi the Ruffian (Draconian Transmuter)          Turns: 1324, Time: 00:01:44

HP  -1/28        AC  5     Str 12      XL: 3   Next:  5%
MP   3/4         EV 12     Int 14      God:
Gold 31          SH  0     Dex 11      Spells:  2 memorised,  3 levels left

Res.Fire  : . . .   See Invis. : .     - Unarmed
Res.Cold  : . . .   Warding    : .   (armour unavailable)
Life Prot.: . . .   Conserve   : .   (no shield)
Res.Poison: .       Res.Corr.  : .   (helmet restricted)
Res.Elec. : .       Clarity    : .   (no cloak)
Sust.Abil.: . .     Spirit.Shd : .   (no gloves)
Res.Mut.  : .       Stasis     : .   (boots unavailable)
Res.Rott. : .       Flight     : .   (no amulet)
Saprovore : . . .                    (no ring)
                                     l - ring of sustenance {unknown}

@: appendage (expiring), not resistant to hostile enchantments, unstealthy
A: unfitting armour, talons 3, AC +5
a: End Transformation


You were on level 2 of the Dungeon.
You were not hungry.
You had grown temporary talons.
You visited 1 branch of the dungeon, and saw 2 of its levels.

You collected 31 gold pieces.

Inventory:

Missiles
 b - 12 arrows
Comestibles
 a - a bread ration
 n - a chunk of goblin flesh
 s - a rotting chunk of giant newt flesh
 t - a pear
Scrolls
 i - a scroll of remove curse {unknown}
Jewellery
 l - a ring of sustenance (left hand) {unknown}
 m - an uncursed amulet of the gourmand {unknown}
Potions
 c - 3 potions of heal wounds {unknown}
 h - 2 potions of curing {unknown}
 j - a potion of porridge {unknown}
 k - a potion of restore abilities {unknown}
 o - a potion of magic {unknown}
Books
 d - a book of Changes

   Spells                             Type                      Level
   *Beastly Appendage                 Transmutation                1
   *Sticks to Snakes                  Transmutation                2
   Spider Form                        Transmutation/Poison         3
   Ice Form                           Ice/Transmutation            4
   Blade Hands                        Transmutation                5


   Skills:
 + Level 1.1 Fighting
 + Level 1.9 Dodging
 * Level 4.1 Unarmed Combat
 - Level 2.0 Spellcasting
 + Level 2.0 Transmutations


You had 3 spell levels left.
You knew the following spells:

 Your Spells              Type           Power        Failure   Level  Hunger
a - Beastly Appendage     Trmt           #.....       12%         1    ##.....
b - Sticks to Snakes      Trmt           #.........   17%         2    ###....


Dungeon Overview and Level Annotations

Branches:
Dungeon (2/27)

Altars:

Annotations:
D:2 Ijyb


Innate Abilities, Weirdness & Mutations

Your plain brown scales are hard (AC +5).
Your body does not fit into most forms of armour.
Your cold-blooded metabolism reacts poorly to cold.
You have claws for feet.


Message History

Ijyb hits you with a club.
* * * LOW HITPOINT WARNING * * *
You are too injured to fight recklessly!
You are too injured to fight recklessly!
You are too injured to fight recklessly!
You are too injured to fight recklessly!
You hit Ijyb. You claw Ijyb, but do no damage.
Ijyb is severely wounded.
Ijyb hits you but does no damage.
You barely miss Ijyb. Your kick misses Ijyb.
Ijyb is severely wounded.
You closely miss Ijyb.
Ijyb is severely wounded.
Ijyb hits you with a club.
* * * LOW HITPOINT WARNING * * *
You hit Ijyb. You claw Ijyb, but do no damage.
Your tail-slap misses Ijyb.
Ijyb is almost dead.
Your transformation is almost over.
Ijyb hits you with a club!
You die...

#+###### #......#
#######'## #........#
+### #........# .....
#####........#####.......
....'........#..@g.......
#####...<....'.###.......
#........### .....
###'###### ##+# #.#
#.#### #....# ####.##
#..#


You could see Ijyb.

Vanquished Creatures
  A giant gecko (D:1)
  A bat (D:1)
  A giant cockroach (D:1)
  7 goblins
  5 hobgoblins
  A ball python (D:1)
  4 giant newts
  6 kobolds (D:1)
  2 rats (D:1)
28 creatures vanquished.

Notes
Turn   | Place    | Note
--------------------------------------------------------------
     0 | D:1      | Malachi, the Draconian Transmuter, began the quest for the Orb.
     0 | D:1      | Reached XP level 1. HP: 16/16 MP: 1/1
   625 | D:1      | Reached XP level 2. HP: 23/23 MP: 3/3
   633 | D:1      | Learned a level 2 spell: Sticks to Snakes
   959 | D:1      | Reached skill level 4 in Unarmed Combat
  1262 | D:2      | Reached XP level 3. HP: 28/28 MP: 4/4
  1312 | D:2      | Noticed Ijyb
  1324 | D:2      | Slain by Ijyb

Action                   || total
-------------------------++-------
Melee: Unarmed           ||   132
 Cast: Beastly Appendage ||     1
  Use: Scroll            ||     4
 Stab: Sleeping          ||     1
